 Dungeon Crawl Stone Soup version 0.20-a0-1062-g7b787ac (webtiles) character file.

299167 Chaoticas the Slayer (level 20, -1/198 HPs)
             Began as a Minotaur Berserker on Apr 26, 2017.
             Was a High Priest of Trog.
             Slain by an air elemental (7 damage)
             ... summoned by Sojobo
             ... on level 2 of the Vaults on Apr 27, 2017.
             The game lasted 03:38:09 (46895 turns).

Chaoticas the Slayer (Minotaur Berserker)          Turns: 46895, Time: 03:38:09

Health: -1/198     AC: 35    Str: 26    XL:     20   Next: 48%
Magic:  0/33       EV: 16    Int: 12    God:    Trog [*****.]
Gold:   2697       SH: 18    Dex: 13    Spells: 19/19 levels left

rFire    + . .     SeeInvis .   W - +5 demon blade (flame)
rCold    + + .     Gourm    .   v - +2 shield {reflect}
rNeg     + . .     Faith    .   U - +9 plate armour
rPois    .         Spirit   +   (helmet restricted)
rElec    .         Reflect  +   g - scarf {rC+ rF+}
rCorr    .         Harm     .   s - +1 pair of gloves "Jimer" {rC+ rN+ MR- Int+3}
MR       ++++.                  C - +2 pair of boots
Stlth    ..........             P - amulet of guardian spirit
Regen    1.5/turn               F - ring of the Mage {Wiz MR++ Int+3}
MPRegen  0.3/turn               D - ring of magical power

@: regenerating
A: retaliatory headbutt, horns 2
}: 1/15 runes: serpentine
a: Berserk, Trog's Hand, Brothers in Arms, Burn Spellbooks, Renounce Religion


You were on level 2 of the Vaults.
You worshipped Trog.
Trog was extremely pleased with you.
You were very hungry.

You visited 7 branches of the dungeon, and saw 33 of its levels.
You also visited: Labyrinth.

You collected 2697 gold pieces.

Inventory:

Hand Weapons
 p - a +3 antimagic long sword
 w - a +4 double sword of holy wrath
 S - a +3 antimagic great sword
 W - a +5 demon blade of flaming (weapon)
Missiles
 R - 13 tomahawks (quivered)
Armour
 b - +0 fire dragon scales
 g - a scarf of resistance (worn)
 s - the +1 pair of gloves "Jimer" (worn) {rC+ rN+ MR- Int+3}
   (You took it off Nikola on level 1 of the Snake Pit)

   It affects your intelligence (+3).
   It protects you from cold.
   It protects you from negative energy.
   It affects your resistance to hostile enchantments.
 v - a +2 shield of reflection (worn)
 C - a +2 pair of boots (worn)
 L - +4 storm dragon scales {Bai Suzhen}
 O - a +0 pair of gloves
 U - a +9 plate armour (worn)
 X - +0 acid dragon scales
Jewellery
 D - a ring of magical power (right hand)
 F - the ring of the Mage (left hand) {Wiz MR++ Int+3}
   (You took it off a naga on level 3 of the Lair of Beasts)

   [ring of wizardry]

   It improves your spell success rate.
   It affects your intelligence (+3).
   It affects your resistance to hostile enchantments.
 P - an amulet of guardian spirit (around neck)
 T - an uncursed ring of positive energy
 Y - an uncursed ring of poison resistance
Wands
 a - a wand of iceblast (6/15)
 i - a wand of scattershot (6/9)
 j - a wand of lightning (11/15)
 l - a wand of polymorph (14/24)
 q - a wand of confusion (26/48)
 y - a wand of iceblast (6/15)
 A - a wand of acid (11/15)
 N - a wand of flame (19/48)
 V - a wand of polymorph (7/24)
Scrolls
 e - 5 scrolls of magic mapping
 n - 4 scrolls of fear
 o - a scroll of recharging
 r - 4 scrolls of blinking
 u - 13 scrolls of teleportation
 x - a scroll of torment {unknown}
 I - 5 scrolls of fog
 J - 12 scrolls of remove curse
Potions
 d - a potion of might {unknown}
 h - a potion of mutation {unknown}
 m - 2 potions of lignification
 t - 11 potions of curing
 G - a potion of haste
Miscellaneous
 H - a sack of spiders
 K - a lightning rod (4/4)
 M - a lamp of fire
Comestibles
 c - 16 bread rations
 f - 9 meat rations
 k - 33 royal jellies


   Skills:
 * Level 21.4 Fighting
 - Level 14.9 Long Blades
   Level 1.0 Maces & Flails
 * Level 20.9 Armour
 + Level 15.8 Dodging
 * Level 18.9 Shields
 + Level 6.9 Evocations


You had 19 spell levels left.
You didn't know any spells.

Dungeon Overview and Level Annotations

Branches:
Dungeon (15/15)            Temple (1/1) D:7            Lair (6/6) D:10
 Shoals (0/4) Lair:4        Snake (4/4) Lair:3        Slime (0/5) Lair:5
    Orc (2/2) D:12            Elf (2/3) Orc:2        Vaults (3/5) D:14
 Depths (0/5) D:15
  Crypt: Vaults:2-3

Altars:
Ashenzari
Dithmenos
Gozag
Makhleb
Okawaru
Ru
Sif Muna
Trog
Vehumet
Xom
Yredelemnul
Zin
Beogh

Shops:
D:9 [!:   D:11 *   Orc:2 (!(!(   Elf:2 =

Portals:
Trove: Elf:1 (give 16 scrolls of teleportation)

Annotations:
D:14 exclusion: downstairs
Lair:3 exclusion: oklob plant
Elf:2 1 runed door
Vaults:2 Sojobo


Innate Abilities, Weirdness & Mutations

You reflexively headbutt those who attack you in melee.
You have a pair of horns on your head.


Message History

You are feeling hungry.
The air elemental hits you but does no damage.
You block the air elemental's attack. x2; The air elemental misses you.
You block the air elemental's attack.
The air elemental hits you but does no damage.
You block the air elemental's attack.
Sojobo hits you with a great sword of pain!
* * * LOW HITPOINT WARNING * * *
Sojobo barely misses you. You block Sojobo's attack.
Your skin crawls.
You feel resistant to hostile enchantments.
You are feeling very hungry.
You block the air elemental's attack.
The air elemental completely misses you.
You block the air elemental's attack.
The air elemental completely misses you.
You riposte.
You slash the air elemental! You burn the air elemental.
You destroy the air elemental!
The air elemental hits you!
You die...

#......#..........#
#......'..........#
#....=.#..........#
#......#######)####
#......# ##...##
######[#####.....####
#......##...#...#...#
#.T)Q(.'.....###.....
#..E@[.##...#...#...#
#...)E.#####.....####
#......# ##...##
#......# #####
########


You could see Sojobo, 2 air elementals and a friendly troll (berserk).

Vanquished Creatures
  Bai Suzhen (Snake:3)
  Nikola (Snake:1)
  Asterion (Snake:1)
  Donald (Snake:1)
  A tengu reaver (Vaults:3)
  9 nagarajas
  6 vault wardens
  2 frost giants (Vaults:3)
  Aizul (Snake:2)
  4 ironheart preservers
  4 stone giants
  2 entropy weavers
  A deep elf annihilator (Vaults:2)
  The ghost of jink69 the Carver, a journeyman HuHu of the Shining One (D:11)
  A deep elf death mage (Elf:2)
  A fire dragon (Vaults:1)
  A minotaur (Lab)
  6 ogre magi
  A deep elf high priest (Elf:1)
  Fannar (Orc:1)
  2 vault guards (Vaults:1)
  2 yaktaur captains
  10 hydras
  18 naga warriors
  4 rakshasas
  3 centaur warriors
  14 anacondas
  6 death yaks (Lair:6)
  22 two-headed ogres
  Erica (D:8)
  23 dancing weapons
  A deep troll shaman (Vaults:3)
  4 catoblepae
  A vampire mage (D:15)
  A queen ant (Lair:6)
  A deep troll earth mage (Vaults:3)
  Nergalle (Lair:4)
  Urug (Lair:4)
  2 orc high priests
  8 shock serpents
  15 deep elf knights
  16 naga sharpshooters
  3 salamander mystics
  A fire crab (Lair:6)
  10 skeletal warriors
  7 sea snakes (Snake:4)
  A storm dragon skeleton (Vaults:3)
  6 unseen horrors
  9 naga ritualists
  2 wizards
  4 ironbrand convokers
  4 orc knights
  14 deep elf archers
  7 deep trolls
  3 necromancers
  2 wolf spiders
  4 harpies (Vaults:3)
  A harpy (shapeshifter) (D:14)
  39 ugly things
  61 deep elf magi
  11 mana vipers
  2 cyclopes (Vaults:2)
  15 salamanders
  3 manticores
  An oklob plant (Lair:6)
  Maurice (D:8)
  10 vault sentinels
  8 guardian serpents
  44 black mambas
  2 centaur zombies
  10 naga magi
  Joseph (D:7)
  A spiny frog (shapeshifter) (Vaults:3)
  A stone giant skeleton (Vaults:1)
  The ghost of Beargit the Vandal, a novice DsWn (D:5)
  12 spiny frogs
  A rime drake (Lair:6)
  A yaktaur zombie (D:15)
  16 yaktaurs
  6 freezing wraiths
  7 komodo dragons
  8 trolls
  A queen bee (D:14)
  7 meliai
  5 hornets
  An ettin zombie (D:15)
  10 blink frogs (Lair:6)
  14 slime creatures
  A meliai zombie (D:11)
  A snapping turtle (shapeshifter) (D:14)
  2 spriggan zombies (D:15)
  A fire giant simulacrum (Vaults:1)
  4 hippogriffs
  2 wraiths (Vaults:1)
  A shadow (D:14)
  4 water elementals
  40 yaks
  A vampire (D:14)
  2 fire elementals
  A wyvern (D:12)
  2 tarantellas (shapeshifter)
  A human (shapeshifter) (D:15)
  2 basilisks (Lair:3)
  2 humans (D:9)
  Eustachio (D:5)
  7 hungry ghosts
  A steam dragon (D:8)
  68 nagas
  2 wargs
  4 acid dragons
  27 soldier ants
  4 porcupines
  17 water moccasins
  A human skeleton (Vaults:1)
  4 sky beasts
  An ice beast (D:13)
  A black bear (D:12)
  An orc zombie (Vaults:1)
  22 orc warriors
  2 eyes of draining
  2 necrophages (D:10)
  A tengu (shapeshifter) (Vaults:1)
  10 wolves
  30 ogres
  An orc skeleton (Vaults:1)
  9 centaurs
  7 crocodiles
  14 bullfrogs
  A wyvern zombie (D:13)
  3 earth elementals
  A glowing shapeshifter simulacrum (Vaults:2)
  3 scorpions
  2 wyvern skeletons
  24 killer bees
  2 electric eels
  11 wights
  3 howler monkeys
  7 crimson imps
  A quasit (D:14)
  6 hounds
  A bullfrog skeleton (D:8)
  11 orc priests
  6 centaur skeletons
  15 orc wizards
  5 iguanas
  25 worker ants
  2 killer bee zombies (D:8)
  3 hound skeletons
  2 howler monkey zombies
  4 gnolls (D:3)
  A howler monkey skeleton (D:4)
  15 adders
  3 shadow imps
  An ooze (D:3)
  5 worms
  A dart slug (D:1)
  7 leopard geckos
  68 orcs
  A ball python (D:7)
  6 bats
  6 giant cockroaches
  4 goblins
  6 hobgoblins
  7 jackals
  4 quokkas
  5 frilled lizards
  A jackal skeleton (D:4)
  A jackal zombie (D:7)
  7 kobolds
  10 rats
  2 crawling corpses
  2 fungi
1185 creatures vanquished.

Vanquished Creatures (collateral kills)
  A deep elf blademaster (Elf:2)
  A nagaraja (Snake:4)
  3 vault wardens
  2 ironheart preservers
  A deep elf demonologist (Vaults:2)
  A naga warrior (Snake:4)
  A vault guard (Vaults:1)
  3 ogre magi
  9 two-headed ogres
  2 dancing weapons (Elf:2)
  A naga sharpshooter (Snake:4)
  3 deep elf knights (Elf:2)
  A sea snake (Snake:4)
  A deep troll (Vaults:3)
  2 deep elf archers (Elf:2)
  3 ironbrand convokers
  A mana viper (Snake:4)
  7 deep elf magi
  2 salamanders (Snake:2)
  3 guardian serpents (Snake:4)
  A black mamba (Snake:3)
  3 naga magi (Snake:4)
  4 yaktaurs (Vaults:3)
  2 meliai (D:15)
  A troll (D:12)
  A water elemental (Elf:2)
  10 nagas
  4 orc warriors (D:12)
  11 ogres
  3 big kobolds (D:12)
  3 gnoll sergeants (D:12)
  3 gnolls (D:12)
  2 orcs (D:12)
96 creatures vanquished.

Vanquished Creatures (others)
  Vashnia (Snake:2)
  An anaconda (Snake:1)
  A deep elf knight (Elf:2)
  An unseen horror (D:13)
  A deep elf mage (Elf:2)
  A wolf spider (Vaults:3)
  2 yaktaurs
  A naga (Snake:4)
  A soldier ant (D:14)
  An orc (Elf:2)
  2 fungi
  7 plants
20 creatures vanquished.

Grand Total: 1301 creatures vanquished

Notes
Turn   | Place    | Note
-------+----------+-------------------------------------------
     0 | D:1      | Chaoticas the Minotaur Berserker began the quest for the Orb.
     0 | D:1      | Reached XP level 1. HP: 19/19 MP: 0/0
   123 | D:1      | Reached XP level 2. HP: 25/27 MP: 1/1
   503 | D:2      | Reached skill level 4 in Fighting
   641 | D:2      | Reached XP level 3. HP: 32/33 MP: 2/2
   731 | D:2      | Reached ** piety under Trog
   849 | D:2      | Found a sacrificial altar of Ru.
  1033 | D:3      | Reached XP level 4. HP: 40/40 MP: 3/3
  1429 | D:3      | Reached XP level 5. HP: 45/47 MP: 4/4
  1464 | D:3      | Reached skill level 5 in Long Blades
  2049 | D:4      | Reached skill level 5 in Fighting
  2054 | D:4      | Reached XP level 6. HP: 56/56 MP: 5/5
  2149 | D:4      | Reached *** piety under Trog
  2713 | D:4      | Got an ancient ring mail
  2721 | D:4      | Identified the +3 ring mail of Zin's No More Talking {MR+} (You found it on level 4 of the Dungeon)
  2783 | D:5      | Entered Level 5 of the Dungeon
  2888 | D:5      | Noticed Eustachio
  2902 | D:5      | Killed Eustachio
  2902 | D:5      | Reached XP level 7. HP: 61/61 MP: 6/6
  3310 | D:5      | Noticed Beargit's ghost (novice DsWn)
  3316 | D:5      | Killed Beargit's ghost
  3316 | D:5      | Reached skill level 6 in Fighting
  3316 | D:5      | Reached skill level 5 in Armour
  3316 | D:5      | Reached skill level 5 in Dodging
  3437 | D:6      | Reached XP level 8. HP: 63/71 MP: 7/7
  3670 | D:6      | Found an iron altar of Okawaru.
  3997 | D:6      | Found a shimmering altar of Xom.
  4001 | D:6      | Reached skill level 7 in Fighting
  4018 | D:6      | Found a burning altar of Makhleb.
  4460 | D:6      | Found a basalt altar of Yredelemnul.
  4541 | D:7      | Noticed Joseph
  4555 | D:7      | Killed Joseph
  4555 | D:7      | Reached XP level 9. HP: 54/79 MP: 8/8
  4700 | D:7      | Found a staircase to the Ecumenical Temple.
  4783 | D:7      | Reached **** piety under Trog
  5128 | D:7      | Reached skill level 10 in Long Blades
  5268 | D:7      | Reached skill level 8 in Fighting
  6291 | D:8      | Noticed a two-headed ogre
  6315 | D:8      | Killed a two-headed ogre
  6493 | D:8      | Noticed Maurice
  6757 | D:8      | Noticed Erica
  6796 | D:8      | HP: 4/82 [something (1)]
  6799 | D:8      | Killed Erica
  6799 | D:8      | Reached XP level 10. HP: 12/90 MP: 9/9
  6920 | D:8      | Reached skill level 9 in Fighting
  7097 | D:8      | Killed Maurice
  7391 | D:9      | Noticed a two-headed ogre
  7402 | D:9      | Killed a two-headed ogre
  7514 | D:9      | Found Gacexoub's Book Boutique.
  7699 | D:9      | Reached ***** piety under Trog
  7734 | D:9      | Found a shattered altar of Ashenzari.
  7938 | D:9      | Paralysed by a hornet for 3 turns
  7948 | D:9      | Reached skill level 10 in Fighting
  7949 | D:9      | Reached XP level 11. HP: 45/99 MP: 10/10
  8469 | D:9      | Found an iron altar of Okawaru.
  8545 | D:9      | Found Soxaek's Armour Shoppe.
  8557 | D:9      | Found Conkefra's Distillery.
  8646 | D:10     | Entered Level 10 of the Dungeon
  8851 | D:10     | Killed an unseen horror
  9114 | D:10     | Found a staircase to the Lair.
  9286 | D:11     | Found a deep blue altar of Sif Muna.
  9359 | D:11     | Noticed jink69's ghost (journeyman HuHu)
  9384 | D:11     | Killed jink69's ghost
  9623 | D:11     | Found Modwaacu's Assorted Antiques.
  9806 | D:11     | Noticed a cyan ugly thing
  9811 | D:11     | Killed a cyan ugly thing
  9831 | D:11     | Reached skill level 1 in Shields
  9998 | D:12     | Received a gift from Trog
 10253 | D:11     | Reached skill level 11 in Fighting
 10253 | D:11     | Reached skill level 10 in Dodging
 10253 | D:11     | Reached XP level 12. HP: 112/112 MP: 11/11
 10254 | D:11     | Reached skill level 13 in Fighting
 10254 | D:11     | Reached skill level 5 in Shields
 10254 | D:11     | Reached XP level 13. HP: 122/122 MP: 12/12
 10712 | D:12     | Found a staircase to the Orcish Mines.
 10973 | Lair:1   | Entered Level 1 of the Lair of Beasts
 13290 | Lair:3   | Found a staircase to the Snake Pit.
 13609 | Lair:3   | Reached XP level 14. HP: 130/130 MP: 13/13
 13666 | Lair:4   | Noticed Urug
 13686 | Lair:4   | Killed Urug
 14119 | Lair:4   | Reached skill level 14 in Fighting
 14269 | Lair:4   | Found a staircase to the Shoals.
 14279 | Lair:4   | Noticed Nergalle
 14290 | Lair:4   | Killed Nergalle
 14290 | Lair:4   | Received a gift from Trog
 15343 | Lair:5   | Found a staircase to the Slime Pits.
 15441 | Lair:5   | Upgraded the game from 0.20-a0-1058-g0491fde to 0.20-a0-1062-g7b787ac
 15504 | Lair:6   | Entered Level 6 of the Lair of Beasts
 15523 | Lair:6   | Found a labyrinth entrance.
 15532 | Lab      | Entered a labyrinth
 16044 | Lair:6   | Noticed an entropy weaver
 16045 | Lair:6   | Noticed an entropy weaver
 16069 | Lair:6   | Killed an entropy weaver
 16493 | Lair:5   | Killed an entropy weaver
 16663 | Lair:6   | Received a gift from Trog
 16666 | Lair:6   | Got a warped great mace {god gift}
 16678 | Lair:6   | Identified the +12 great mace "Fosezuh" {freeze, rElec rC++ MR+ Dex-5} (Trog gifted it to you on level 6 of the Lair of Beasts)
 16822 | Temple   | Entered the Ecumenical Temple
 17447 | Lair:6   | Reached skill level 15 in Fighting
 17786 | Lair:6   | Reached skill level 10 in Shields
 18190 | Lair:6   | Reached XP level 15. HP: 136/141 MP: 14/14
 18686 | Lair:6   | Received a gift from Trog
 19220 | Orc:1    | Entered Level 1 of the Orcish Mines
 19291 | Orc:1    | Noticed Fannar
 19309 | Orc:1    | Killed Fannar
 19309 | Orc:1    | Reached skill level 1 in Maces & Flails
 19466 | Orc:2    | Entered Level 2 of the Orcish Mines
 19466 | Orc:2    | Found Kubishai's Antique Weapon Boutique.
 19824 | Orc:2    | Found a staircase to the Elven Halls.
 19931 | Orc:2    | Reached skill level 15 in Armour
 19971 | Orc:2    | Reached skill level 16 in Fighting
 20017 | Orc:2    | Found a roughly hewn altar of Beogh.
 20113 | Orc:2    | Found Ufuefevo's Distillery.
 20113 | Orc:2    | Found Ebrujeb's Distillery.
 20114 | Orc:2    | Found Tihyfaunt's Antique Weapon Boutique.
 20114 | Orc:2    | Found Cuxelej's Weapon Shoppe.
 20818 | Elf:1    | Entered Level 1 of the Elven Halls
 21465 | Elf:1    | Received a gift from Trog
 22629 | Elf:1    | Reached XP level 16. HP: 129/154 MP: 15/15
 22695 | Elf:1    | Found a portal to a secret trove of treasure.
 23159 | Elf:2    | Found Tail's Jewellery Emporium.
 23188 | Elf:2    | Reached skill level 17 in Fighting
 25593 | Elf:2    | Received a gift from Trog
 25594 | Elf:2    | Got a translucent falchion {god gift}
 25599 | Elf:2    | Identified the +3 falchion "Boppemes" {slice, *Corrode rPois Dex+8 Stlth-} (Trog gifted it to you on level 2 of the Elven Halls)
 25610 | Elf:2    | Found a runed door.
 25628 | Elf:2    | Found a runed door.
 25986 | Elf:2    | Noticed a deep elf blademaster
 25999 | Elf:2    | Killed a deep elf blademaster
 27155 | Elf:2    | Reached skill level 18 in Fighting
 27172 | Elf:2    | Received a gift from Trog
 28401 | D:13     | Reached XP level 17. HP: 106/163 MP: 16/16
 29634 | D:14     | Found a gate to the Vaults.
 29764 | D:14     | Found a flickering gateway to a bazaar.
 30054 | D:14     | Received a gift from Trog
 30639 | D:15     | Entered Level 15 of the Dungeon
 30642 | D:15     | Reached skill level 1 in Evocations
 30708 | D:15     | Found a staircase to the Depths.
 30801 | D:15     | Reached skill level 15 in Shields
 32853 | Snake:1  | Entered Level 1 of the Snake Pit
 32992 | Snake:1  | Noticed Nikola
 33009 | Snake:1  | Killed Nikola
 33013 | Snake:1  | Got a pair of shimmering gloves
 33090 | Snake:1  | Noticed Asterion
 33254 | Snake:1  | Noticed Donald
 33268 | Snake:1  | Killed Donald
 33275 | Snake:1  | Identified the +1 pair of gloves "Jimer" {rC+ rN+ MR- Int+3} (You took it off Nikola on level 1 of the Snake Pit)
 33349 | Snake:1  | Killed Asterion
 33432 | Snake:1  | Received a gift from Trog
 33893 | Snake:1  | Reached skill level 19 in Fighting
 34819 | Snake:1  | Reached XP level 18. HP: 170/176 MP: 19/19
 35178 | Snake:2  | Found a sacrificial altar of Ru.
 35268 | Snake:2  | Noticed Aizul
 35287 | Snake:2  | Killed Aizul
 35287 | Snake:2  | Received a gift from Trog
 36099 | Snake:2  | Noticed Vashnia
 36159 | Snake:2  | Killed Vashnia
 37519 | Snake:3  | Received a gift from Trog
 38155 | Snake:3  | Noticed Bai Suzhen
 38186 | Snake:3  | Killed Bai Suzhen
 38314 | Snake:3  | Reached skill level 20 in Fighting
 38413 | Snake:4  | Entered Level 4 of the Snake Pit
 40023 | Snake:4  | Received a gift from Trog
 40380 | Snake:4  | Reached skill level 5 in Evocations
 40416 | Snake:4  | Reached XP level 19. HP: 152/185 MP: 21/21
 40455 | Snake:4  | Reached skill level 15 in Dodging
 40926 | Snake:4  | Received a gift from Trog
 41662 | Snake:4  | Received a gift from Trog
 41694 | Snake:4  | Got a serpentine rune of Zot
 42276 | Vaults:1 | Entered Level 1 of the Vaults
 43845 | Vaults:1 | Received a gift from Trog
 44073 | Vaults:1 | Reached skill level 21 in Fighting
 44829 | Vaults:2 | Reached XP level 20. HP: 179/198 MP: 23/23
 44849 | Vaults:2 | Received a gift from Trog
 46384 | Vaults:3 | Noticed Sojobo
 46482 | Vaults:3 | Received a gift from Trog
 46894 | Vaults:2 | HP: 5/198 [Sojobo/great sword of pain (7)]
 46895 | Vaults:2 | Slain by an air elemental

Vault maps used:
D:1:      mrwooster_arrival_statue_3
D:2:      nicolae_ru_path_of_blood
D:3:      first_bread
D:5:      uniq_eustachio
D:6:      grunt_temple_overflow_cloverleaf, grunt_tough_drop
D:7:      minmay_temple_entry_junction, uniq_joseph
D:8:      uniq_erica, uniq_maurice
D:9:      serial_shops, kennysheep_mini_moat, shop, shop, basic_altar,
          hangedman_pestilent_swarm, okawaru_humans
D:10:     lair_entry_dummy
D:11:     serial_shops, shop, led_sif_book
D:12:     kennysheep_orc_monster_closet_entryway, evilmike_minifort
D:13:     minmay_expanding_circles
D:14:     david_vaults_2, special_room, serial_shops, freezing_bzr,
          grunt_decor_mini_mirrors
D:15:     gammafunk_depths_entry_grave, chequers_big_river
Temple:   regret_index_temple_mists
Lair:1:   lemuel_fruit_tree
Lair:2:   grunt_megastairs_3
Lair:3:   minmay_snake_entry_guardpost_small, minmay_lair_oklob_chamber
Lair:4:   minmay_shoals_entry_centaurs, lemuel_old_faithful,
          serial_bayou_shore_a, infiniplex_staircase_pool, lemuel_fruit_fields,
          uniq_urug, uniq_nergalle
Lair:5:   slime_dummy
Lair:6:   evilmike_catoblepas_cave, lab_entry_generic, minivault_29
Snake:1:  kennysheep_snake, spider_trap, uniq_asterion, uniq_donald,
          uniq_louise, uniq_nikola
Snake:2:  basic_altar, uniq_vashnia, uniq_aizul
Snake:3:  uniq_bai_suzhen
Snake:4:  grunt_snake_rune_pools
Orc:1:    serial_shops, nicolae_shop_trees, uniq_fannar
Orc:2:    st_orc_ogre_mass, serial_shops, shop_statue, lemuel_statue_altar
Elf:1:    eino_elf_arrival_shootout, nicolae_trove_entry_diagonal,
          kennysheep_underground_church
Elf:2:    serial_shops, nicolae_shop_statue_plus, serial_sigils,
          serial_sigils_hangedman_scratch, serial_sigils_hangedman_snap,
          serial_sigils_hangedman_etch, basic_stair_grate_trap
Vaults:1: nicolae_vaults_hallways_thing, v_rooms_3,
          ontoclasm_vaults_decontamination, nicolae_vaults_mini_display_case,
          grunt_vaults_bifocal, nicolae_vaults_ring_of_whatevers,
          nicolae_vaults_shelves_hall, ontoclasm_vaults_tryst,
          nicolae_vaults_ring_of_whatevers, vaults_room_door_hall,
          hangedman_vaults_capsules, ontoclasm_vaults_loading_screen,
          grunt_vaults_hallway_short, v_alt_pattern_1, v_misc_2, st_more_cells,
          nicolae_vaults_alarming
Vaults:2: hangedman_vaults_snaps, ontoclasm_vaults_hangar, v_misc_17, v_misc_22,
          hangedman_vaults_nodes, ontoclasm_vaults_twist, v_misc_9,
          vaults_dpeg_ring, v_misc_1, vaults_mumra_hexcomb, vaults_room_fours
Vaults:3: hangedman_vaults_hat, st_smaller_cells, nicolae_vaults_network_star,
          v_misc_28, minmay_crypt_entry_simple_walls, v_alt_pattern_5,
          v_misc_17, hangedman_vaults_locks, v_pattern_3,
          nicolae_vaults_little_squares_3, nicolae_vaults_asterisk,
          vaults_dpeg_cross, uniq_sojobo
Lab:      labyrinth_spiral, nicolae_lab_garden, nicolae_lab_swirl,
          nicolae_lab_hexagon, nicolae_lab_x

Skill      XL: |  1  2  3  4  5  6  7  8  9 10 11 12 13 14 15 16 17 18 19 |
---------------+----------------------------------------------------------+-----
Armour         | 3 4 5 6 8 9 11 12 13 14 16 17 18 19 20 | 20.9
Fighting       | 4 5 6 7 8 10 11 13 15 16 18 19 20 21 | 21.4
Long Blades    | 4 5 6 7 9 11 12 13 14 | 14.9
Dodging        | 3 4 5 6 7 8 10 11 12 13 14 15 | 15.8
Shields        | 4 5 7 10 12 14 15 17 18 | 18.9
Maces & Flails | 1 |  1.0
Evocations     | 3 5 6 |  6.9

Action                   |  1- 3 |  4- 6 |  7- 9 | 10-12 | 13-15 | 16-18 | 19-21 || total
-------------------------+-------+-------+-------+-------+-------+-------+-------++-------
Melee: Falchion          |    66 |   137 |   281 |     5 |       |       |       ||   489
       Headbutt          |    14 |    25 |    66 |    38 |   320 |   471 |   294 ||  1228
       Unarmed           |       |       |     7 |       |       |       |       ||     7
       Scimitar          |       |       |       |   203 |  1096 |       |       ||  1299
       Demon blade       |       |       |       |       |    99 |  1991 |  1013 ||  3103
Invok: Trog's Hand       |       |     1 |       |       |     3 |     4 |     1 ||     9
       Berserk           |       |     1 |     3 |     1 |     2 |     1 |       ||     8
       Burn Spellbooks   |       |       |     1 |     1 |     2 |     4 |       ||     8
       Brothers in Arms  |       |       |       |       |     5 |    15 |    13 ||    33
  Use: Scroll            |       |     4 |     5 |    18 |     8 |    22 |     4 ||    61
       Potion            |       |       |     1 |     2 |     1 |     6 |     3 ||    13
 Stab: Distracted        |       |       |       |       |     1 |       |       ||     1
  Eat: Chunk             |       |     5 |     5 |    10 |    28 |    12 |    10 ||    70
       Bread ration      |       |     1 |       |       |       |     1 |       ||     2
       Meat ration       |       |       |     1 |       |       |     8 |     2 ||    11
       Fruit             |       |       |     2 |     6 |    21 |    16 |     6 ||    51
       Royal jelly       |       |       |     1 |       |       |       |       ||     1
Armor: Animal skin       |     8 |       |       |       |       |       |       ||     8
       Chain mail        |    10 |    80 |       |       |       |       |       ||    90
       Ring mail         |       |     1 |    67 |       |       |       |       ||    68
       Plate armour      |       |       |    27 |   121 |   459 |   637 |   283 ||  1527
Dodge: Dodged            |    45 |    71 |   149 |    66 |   352 |   564 |   302 ||  1549
Block: Buckler           |       |       |       |    19 |    11 |       |       ||    30
       Shield            |       |       |       |       |   505 |  1149 |   661 ||  2315
       Reflection        |       |       |       |       |       |    79 |    69 ||   148
       Rpst.: Falchion   |    11 |    19 |    40 |       |       |       |       ||    70
       Scimitar          |       |       |       |    22 |    78 |       |       ||   100
       Demon blade       |       |       |       |       |     3 |   106 |    70 ||   179
